 Dungeon Crawl Stone Soup version 0.32-a0-468-g38b2580584 (webtiles) character file.

Game seed: 5909089252913106492

201770 osuadh the Slayer (level 18, -6/182 HPs)
             Began as a Mountain Dwarf Fighter on Feb 25, 2024.
             Was a High Priest of Okawaru.
             Killed by the air
             ... invoked by a spriggan air mage (illusionary)
              (31 damage)
             ... on level 1 of the Depths.
             The game lasted 02:03:45 (36233 turns).

osuadh the Slayer (Mountain Dwarf Fighter)         Turns: 36233, Time: 02:03:45

Health: -6/182     AC: 30    Str: 17    XL:     18   Next: 31%
Magic:  28/28      EV: 11    Int: 29    God:    Okawaru [*****.]
Gold:   1218       SH: 13    Dex: 13    Spells: 16/17 levels left

rFire   + . .        b - +9 eveningstar (holy)
rCold   + + .        B - +2 buckler
rNeg    + . .        p - +8 ice dragon scales of Noboogg {+Blink rF- rC++ rN+ rCorr Str-3}
rPois   +            T - +1 helmet "Zuobri" {rF+ Str+2}
rElec   .            w - +0 cloak {rPois}
rCorr   +            V - +0 pair of gloves "Piuxkus" {Regen+ Str-5 Int+5 Stlth+}
SInv    .            i - +0 pair of boots
Will    +....        S - amulet "Jeiwk" {Reflect Int+4 SH+5}
Stlth   ++           P - ring of Xuwaum {Fly Int+4 Stlth+}
HPRegen 1.30/turn    l - ring of Vumax {rF+ Str+3 Dex+4}
MPRegen 0.21/turn

%: reflection
@: flying
A: runic magic, artefact enchanting
a: Renounce Religion, Evoke Blink, Heroism, Finesse, Duel


You were on level 1 of the Depths.
You worshipped Okawaru.
Okawaru was extremely pleased with you.
You visited 8 branches of the dungeon, and saw 32 of its levels.
You visited 2 bazaars.
You also visited: Sewer and Ice Cave.

You collected 3952 gold pieces.
You spent 2734 gold pieces at shops.

Inventory:

Hand Weapons
 b - a +9 eveningstar of holy wrath (weapon)
 K - a +1 spectral demon whip
Missiles
 f - 14 javelins
 r - 2 atropa-tipped darts
 F - 11 curare-tipped darts
 O - 13 silver javelins (quivered)
 R - 34 boomerangs
 Y - 11 darts of dispersal
Armour
 i - a +0 pair of boots (worn)
 p - the +8 ice dragon scales of Noboogg (worn) {+Blink rF- rC++ rN+ rCorr Str-3}
   (You bought it in a shop in a bazaar)

   Str-3:     It affects your strength (-3).
   rF-:       It makes you vulnerable to fire.
   rC++:      It greatly protects you from cold.
   rN+:       It protects you from negative energy.
   +Blink:    It lets you blink.
   rCorr:     It protects you from acid and corrosion.
 w - a +0 cloak of poison resistance (worn)
 B - a +2 buckler (worn)
 H - a +2 cloak of preservation
 T - the +1 helmet "Zuobri" (worn) {rF+ Str+2}
   (Okawaru gifted it to you on level 4 of the Lair of Beasts)

   Str+2:     It affects your strength (+2).
   rF+:       It protects you from fire.
 V - the +0 pair of gloves "Piuxkus" (worn) {Regen+ Str-5 Int+5 Stlth+}
   (You bought it in a shop on level 1 of the Shoals)

   Str-5:     It affects your strength (-5).
   Int+5:     It affects your intelligence (+5).
   Regen+:    It increases your rate of health regeneration.
   Stlth+:    It makes you more stealthy.
Jewellery
 e - a +5 ring of evasion
 g - a ring of poison resistance
 h - the amulet of Quafuc {Faith Regen+ Int+4}
   (You found it in an ice cave)

   [amulet of faith]

   Faith:     It allows you to gain divine favour quickly.
   Int+4:     It affects your intelligence (+4).
   Regen+:    It increases your rate of health regeneration.
 l - the ring of Vumax (right hand) {rF+ Str+3 Dex+4}
   (You bought it in a shop in a bazaar)

   [ring of protection from fire]

   Str+3:     It affects your strength (+3).
   Dex+4:     It affects your dexterity (+4).
   rF+:       It protects you from fire.
 E - a ring of willpower
 G - a ring of resist corrosion
 P - the ring of Xuwaum (left hand) {Fly Int+4 Stlth+}
   (You found it in an ice cave)

   [ring of flight]

   Int+4:     It affects your intelligence (+4).
   Fly:       It grants you flight.
   Stlth+:    It makes you more stealthy.
 Q - an amulet of magic regeneration
 S - the amulet "Jeiwk" (around neck) {Reflect Int+4 SH+5}
   (You bought it in a shop in a bazaar)

   [amulet of reflection]

   Reflect:   It reflects blocked missile attacks.
   Int+4:     It affects your intelligence (+4).
   SH+5:      It affects your SH (+5).
 U - a +5 ring of evasion
 X - a +4 ring of protection
 Z - a ring of ice
Wands
 n - a wand of polymorph (25)
 v - a wand of light (10)
 L - a wand of roots (24)
 N - a wand of flame (28)
Scrolls
 c - 5 scrolls of identify
 j - 2 scrolls of immolation
 o - 4 scrolls of vulnerability
 s - a scroll of brand weapon
 t - 6 scrolls of blinking
 y - 5 scrolls of revelation
 z - 6 scrolls of teleportation
 A - 3 scrolls of fog
 C - 2 scrolls of silence
 D - 2 scrolls of enchant armour
 M - a scroll of fear
Potions
 a - 7 potions of lignification
 d - 2 potions of might
 k - a potion of invisibility
 m - 3 potions of magic
 q - 3 potions of ambrosia
 u - 6 potions of curing
 x - 4 potions of resistance
 I - 2 potions of attraction
 J - 2 potions of cancellation
 W - 3 potions of haste


   Skills:
 + Level 21.0 Fighting
 - Level 16.0 Maces & Flails
 - Level 10.1 Throwing
 - Level 14.5 Armour
 - Level 6.6 Dodging
 - Level 8.7 Shields
 - Level 3.5 Translocations
 - Level 14.0 Invocations
 - Level 9.2 Evocations


You had 16 spell levels left.
You knew the following spells:

 Your Spells              Type           Power      Damage    Failure   Level
a - Apportation           Tloc           40%        N/A       3%          1

Your spell library contained the following spells:

 Spells                   Type           Power      Damage    Failure   Level
 Blink                    Tloc           40%        N/A       6%          2
 Lesser Beckoning         Tloc           40%        N/A       6%          2
 Gell's Gravitas          Tloc           20%        N/A       12%         3
 Teleport Other           Tloc           20%        N/A       12%         3
 Magic Dart               Conj           0%         1d3       16%         1
 Shock                    Conj/Air       0%         1d3       16%         1
 Sting                    Conj/Alch      0%         1d3       16%         1
 Cigotuvi's Dreadful Rot  Necr/Alch/Air  0%         N/A       24%         2
 Jinxbite                 Hex            0%         N/A       24%         2
 Mercury Vapours          Alch/Air       0%         N/A       24%         2
 Passage of Golubria      Tloc           20%        N/A       36%         4
 Inner Flame              Hex/Fire       0%         N/A       43%         3
 Mephitic Cloud           Conj/Alch/Air  0%         N/A       43%         3
 Swiftness                Air            0%         N/A       43%         3
 Vhi's Electric Charge    Tloc/Air       20%        N/A       61%         4
 Airstrike                Air            0%         2d(0-16)  85%         4
 Flame Wave               Conj/Fire      0%         2d4       85%         4
 Ignite Poison            Fire/Alch      0%         N/A       85%         4
 Olgreb's Toxic Radiance  Alch           0%         N/A       85%         4
 Petrify                  Alch/Erth      0%         N/A       85%         4
 Sticky Flame             Fire/Alch      0%         2d4       85%         4
 Alistair's Intoxication  Alch           0%         N/A       99%         5
 Arcjolt                  Conj/Air       0%         1d10      99%         5
 Freezing Cloud           Conj/Ice/Air   0%         6-21      99%         5
 Iskenderun's Battlesphe  Conj           0%         2d6       99%         5
 Lee's Rapid Deconstruct  Erth           0%         3d4*      99%         5
 Silence                  Hex/Air        0%         N/A       99%         5
 Bombard                  Conj/Erth      0%         9d1       100%        6
 Eringya's Noxious Bog    Alch           0%         4d6       100%        6
 Plasma Beam              Fire/Air       0%         2x1d10    100%        6
 Ozocubu's Refrigeration  Ice            0%         4d7       100%        7
 Discord                  Hex            0%         N/A       100%        8
 Lehudib's Crystal Spear  Conj/Erth      0%         10d2      100%        8
 Polar Vortex             Ice            0%         N/A       100%        9
 Call Imp                 Summ           Unusable   N/A       N/A         2
 Animate Armour           Summ/Erth      Unusable   N/A       N/A         4
 Summon Lightning Spire   Summ/Air       Unusable   N/A       N/A         4
 Summon Forest            Summ/Tloc      Unusable   N/A       N/A         5
 Sculpt Simulacrum        Ice/Alch       Unusable   N/A       N/A         6
 Spellforged Servitor     Conj/Summ      Unusable   N/A       N/A         7
 Summon Hydra             Summ           Unusable   N/A       N/A         7

Dungeon Overview and Level Annotations

Branches:
Dungeon (15/15)            Temple (1/1) D:6            Lair (5/5) D:11
 Shoals (3/4) Lair:3       Spider (3/4) Lair:2        Slime (0/5) Lair:5
    Orc (2/2) D:11            Elf (2/3) Orc:2        Vaults (0/5) D:14
 Depths (1/4) D:15          Sewer (visited)           IceCv (visited)

Altars:
Ashenzari
Cheibriados
Dithmenos
Elyvilon
Fedhas
Gozag
Hepliaklqana
Kikubaaqudgha
Makhleb
Nemelex Xobeh
Okawaru
Qazlal
Ru
Sif Muna
Trog
Uskayaw
Vehumet
Wu Jian
Xom
Yredelemnul
Zin
The Shining One
Jiyva

Shops:
D:7 (   D:8 [   D:9 [   Orc:2 ?=(**   Shoals:1 [(

Portals:
Pandemonium: Orc:2

Annotations:
D:9 exclusion: upstairs
D:15 2 transporters, Sareon's ghost, journeyman DgCj
Shoals:2 Ilsuiw
Elf:2 3 runed translucent doors
Depths:1 1 exclusion


Innate Abilities, Weirdness & Mutations

Your spellcasting is much less encumbered by armour.
You can use scrolls of enchantment on lesser artefacts.


Message History

You hit the spriggan berserker.
The spriggan berserker is lightly wounded.
The spriggan berserker hits you with a +1 flail of protection!
You block the polar bear's attack. x2; The polar bear closely misses you.
You puncture the spriggan berserker!
The spriggan berserker is lightly wounded.
You block the spriggan berserker's attack.
The polar bear bites you! The polar bear barely misses you.
The polar bear claws you but does no damage.
The spriggan berserker barely misses you.
As you read the scroll of teleportation, it crumbles to dust.
You feel strangely unstable.
The polar bear bites you but does no damage.
The polar bear claws you but does no damage.
You block the polar bear's attack.
The spriggan berserker hits you with a +1 flail of protection!
The polar bear barely misses you. You block the polar bear's attack.
The polar bear claws you but does no damage.
You blink.
The rakshasa weaves an illusion.
The spriggan air mage shimmers and seems to become two!
The spriggan air mage waves its arms in wide circles.
The air twists around and strikes you!!
* * * LOW HITPOINT WARNING * * *
Your surroundings seem slightly different.
The spriggan air mage waves its arms in wide circles.
The air twists around and strikes you!
* * * LOW HITPOINT WARNING * * *
The spriggan air mage hits you.
* * * LOW HITPOINT WARNING * * *
Things that are here:
a +0 antimagic war axe; a +0 animal skin; a spriggan corpse Blink to where?
Press: ? - help, Dir - move target
As you read the scroll of blinking, it crumbles to dust.
You feel ready to blink again.
The polar bear rages.
The spriggan air mage waves its arms in wide circles.
The air twists around and strikes you!!
You die...

#..i######.#.....####..^......
#.⌠i#.§....###............####
#R#i##i......##..#.....#.##...
#...#.Ruhi....#..##.#.##......
###......i....##..#.#.........
#####........######.........
######
#..........#....######..
.....# ##....i.....#....# ###
.....## #.......@...#....# #
#.....###...........#...##
###.....................#
#.................#...#
#......#####......#.###
#......# ####..#### ########
####


You could see a green very ugly thing, a rakshasa, a spriggan berserker
(berserk), 3 spriggan air magi and a polar bear (summoned, berserk).

Vanquished Creatures
  Norris (Elf:1)
  A golden dragon (IceCv)
  Rupert (D:13)
  Jorgrun (Orc:1)
  Asterion (Spider:1)
  4 sphinxes (Elf:1)
  2 ghost moths (Spider:2)
  3 very ugly things (D:15)
  An ironbound preserver (D:14)
  A broodmother (Spider:1)
  2 stone giants (Depths:1)
  A deep elf death mage (Elf:1)
  Azrael (Spider:1)
  A merfolk javelineer (Shoals:2)
  A deep elf annihilator (Elf:1)
  Snorg (D:12)
  2 fire dragons (D:15)
  2 spectral krakens (Shoals:1)
  An entropy weaver (Spider:2)
  2 ettins
  The ghost of Lionuul the Grappler, a journeyman TrSh of Wu Jian (Lair:1)
  3 merfolk impalers
  5 ice dragons
  A jorogumo (Spider:1)
  A demonspawn (Orc:2)
  9 hydras
  3 ghost crabs (Shoals:1)
  A rakshasa (Depths:1)
  2 merfolk avatars
  A radroach (Spider:2)
  6 two-headed ogres
  2 alligator snapping turtles (Shoals:2)
  11 dancing weapons
  2 boulder beetles
  9 centaur warriors
  A merfolk aquamancer (Shoals:1)
  A deep troll shaman (D:15)
  2 hell hogs (Lair:5)
  6 orc high priests (Orc:2)
  A deep troll earth mage (D:15)
  3 demonic crawlers
  An occultist (Depths:1)
  A spriggan berserker (Depths:1)
  2 sun demons
  3 deep elf knights (Elf:1)
  An iron troll (D:15)
  A skeletal warrior (D:14)
  A fire crab (Lair:5)
  4 sea snakes
  9 skysharks
  6 pharaoh ants
  2 salamander mystics
  2 deep trolls
  5 orb spiders
  4 deep elf archers (Elf:1)
  6 orc knights
  15 harpies
  2 orange crystal statues
  4 steelbarb worms
  8 wolf spiders
  13 deep elf zephyrmancers
  18 deep elf pyromancers
  5 fauns
  11 ugly things
  7 orc sorcerers
  7 cyclopes
  6 salamanders
  5 spectral merfolk (Shoals:1)
  11 elephants
  15 manticores
  A moth of wrath (Spider:1)
  6 merfolk sirens
  3 meliai
  4 black mambas
  2 molten gargoyles (Lair:5)
  8 torpor snails
  3 water nymphs
  An orange demon (Orc:2)
  2 gargoyles
  2 kobold blastminers (Orc:2)
  15 cane toads
  2 storm dragon simulacra (IceCv)
  3 spectral sea snakes (Shoals:1)
  An unseen horror (D:9)
  A rime drake (shapeshifter) (D:15)
  3 kobold demonologists
  12 komodo dragons
  A freezing wraith (D:9)
  Jeremiah (D:7)
  2 tengu conjurers (D:15)
  A queen bee (Spider:2)
  6 golden dragon simulacra (IceCv)
  2 rime drakes
  15 merfolk
  A red devil (Orc:2)
  2 polar bears (Lair:5)
  27 tarantellas
  11 trolls
  A hornet (D:9)
  28 blink frogs
  3 snapping turtles
  3 wind drakes
  16 jumping spiders
  17 culicivoras
  A spectral manticore (Shoals:1)
  A centaur simulacrum (D:14)
  4 slime creatures (D:12)
  An air elemental (Elf:1)
  A spectral wind drake (Shoals:1)
  40 yaks
  2 shadows (D:11)
  5 wraiths
  2 vampires (D:12)
  A basilisk (shapeshifter) (D:12)
  12 wyverns
  5 basilisks
  6 wargs
  11 water elementals
  17 redbacks
  4 steam dragons
  2 vampire mosquitoes (D:13)
  An acid dragon (shapeshifter) (D:14)
  An acid dragon (D:8)
  11 hell hounds
  Edmund (D:6)
  9 water moccasins
  A spectral snapping turtle (Shoals:1)
  An ice beast (D:6)
  5 ice dragon simulacra (IceCv)
  29 orc warriors
  2 black bears
  3 ogres
  2 laughing skulls (D:14)
  11 centaurs
  29 wolves
  3 phantoms
  3 kobold brigands
  20 bullfrogs
  3 scorpions
  2 earth elementals (Elf:1)
  10 wights
  A hornet simulacrum (D:15)
  8 lindwurm simulacra (IceCv)
  32 killer bees
  8 electric eels
  11 howler monkeys
  A bombardier beetle (D:3)
  5 lava snakes (Lair:5)
  5 hounds
  2 jellies
  22 orc priests
  Crazy Yiuf (D:3)
  5 iguanas
  23 orc wizards
  A sleepcap (D:5)
  Robin (D:3)
  A river rat (D:6)
  9 adders
  3 white imps
  6 dart slugs (Sewer)
  A ribbon worm (D:2)
  71 orcs
  10 ball pythons
  12 endoplasms
  16 giant cockroaches
  19 goblins
  5 hobgoblins
  2 quokkas
  7 bats
  12 frilled lizards
  12 kobolds
  4 rats
  4 tentacles (Shoals:1)
1064 creatures vanquished.

Vanquished Creatures (others)
  5 tentacles (Shoals:1)
5 creatures vanquished.

Grand Total: 1069 creatures vanquished

Notes
Turn   | Place    | Note
-------+----------+-------------------------------------------
     0 | D:1      | osuadh the Mountain Dwarf Fighter began the quest for the
                  | Orb.
     0 | D:1      | Reached XP level 1. HP: 19/19 MP: 1/1
   241 | D:1      | Reached XP level 2. HP: 26/26 MP: 2/2
   786 | D:2      | Reached XP level 3. HP: 29/31 MP: 3/3
   865 | D:2      | Found a faded altar of an unknown god.
  1273 | D:3      | Reached XP level 4. HP: 35/38 MP: 4/4
  1277 | D:3      | Identified the +2 robe "Tyheodgh" {Stlth+}
  1585 | D:3      | Noticed Robin
  1595 | D:3      | Killed Robin
  1676 | D:3      | Reached skill level 5 in Shields
  1686 | D:3      | Identified the +3 ring mail "Jajib" {Regen+}
  1943 | D:3      | Found a runed translucent door.
  1944 | D:3      | Noticed Crazy Yiuf
  2128 | D:4      | Noticed a phantom
  2141 | D:3      | Killed a phantom
  2142 | D:3      | Reached skill level 5 in Maces & Flails
  2142 | D:3      | Reached XP level 5. HP: 45/45 MP: 5/5
  2372 | D:4      | Found a snail-covered altar of Cheibriados.
  2982 | D:5      | Entered Level 5 of the Dungeon
  3030 | D:5      | Noticed an acid dragon
  3037 | D:5      | Noticed an ogre
  3111 | D:5      | Reached XP level 6. HP: 51/51 MP: 6/6
  3195 | D:5      | HP: 2/76 [ogre/+0 giant club (7)]
  3458 | D:5      | Found a burning altar of Makhleb.
  3581 | D:5      | Reached XP level 7. HP: 51/57 MP: 7/7
  3899 | D:6      | Reached XP level 8. HP: 63/63 MP: 8/8
  3932 | D:6      | Found a staircase to the Ecumenical Temple.
  3942 | Temple   | Entered the Ecumenical Temple
  3951 | Temple   | Became a worshipper of Warmaster Okawaru
  3972 | D:6      | Found a glowing drain.
  3981 | Sewer    | Entered a sewer
  4316 | Sewer    | Reached skill level 4 in Fighting
  4336 | Sewer    | Got the Incunable of Nocuous Virulence
  4446 | D:6      | Noticed Edmund
  4462 | D:6      | Killed Edmund
  4463 | D:6      | Reached skill level 5 in Fighting
  4804 | D:7      | Reached * piety under Okawaru
  4835 | D:7      | Reached skill level 6 in Fighting
  4835 | D:7      | Reached skill level 10 in Maces & Flails
  4887 | D:7      | Found Xeeg's Weapon Shoppe.
  4992 | D:7      | Noticed Jeremiah
  4999 | D:7      | Killed Jeremiah
  4999 | D:7      | Reached ** piety under Okawaru
  5000 | D:7      | Reached XP level 9. HP: 76/78 MP: 9/9
  5320 | D:8      | Found Vaykk's Armour Boutique.
  5325 | D:8      | Noticed a seven-headed hydra
  5403 | D:7      | Reached skill level 7 in Fighting
  5711 | D:8      | Found a shimmering altar of Xom.
  5816 | D:7      | Reached skill level 8 in Fighting
  5995 | D:8      | Reached *** piety under Okawaru
  6177 | D:8      | Noticed a two-headed ogre
  6200 | D:8      | Killed a two-headed ogre
  6201 | D:8      | Reached skill level 9 in Fighting
  6201 | D:8      | Reached XP level 10. HP: 70/91 MP: 10/10
  6925 | D:9      | Noticed a cyclops
  6927 | D:9      | Noticed a cyan ugly thing
  6939 | D:9      | Killed a cyclops
  6939 | D:9      | Reached **** piety under Okawaru
  6940 | D:9      | Reached skill level 10 in Fighting
  6952 | D:9      | Killed a cyan ugly thing
  7311 | D:9      | Reached ***** piety under Okawaru
  7359 | D:9      | Reached skill level 1 in Invocations
  7409 | D:9      | Identified the +7 quarterstaff of Bloody Death {freeze,
                  | rPois MP-9 Int+5}
  7409 | D:9      | Noticed a centaur warrior
  7412 | D:9      | Noticed a manticore
  7417 | D:9      | Killed a centaur warrior
  7430 | D:9      | Killed a manticore
  7431 | D:9      | Reached skill level 11 in Fighting
  7600 | D:9      | Reached skill level 5 in Armour
  7604 | D:9      | Received a gift from Okawaru
  7605 | D:9      | Reached XP level 11. HP: 88/102 MP: 12/14
  7662 | D:9      | Found Luhinnu's Antique Armour Emporium.
  7701 | D:9      | Found a glowing golden altar of the Shining One.
  7703 | D:9      | Noticed an angel
  7712 | D:9      | Found a basalt altar of Yredelemnul.
  7881 | D:9      | Noticed a white ugly thing
  7971 | D:9      | Reached skill level 5 in Invocations
  8228 | D:10     | Entered Level 10 of the Dungeon
  8588 | D:10     | Noticed a two-headed ogre
  8610 | D:10     | Killed a two-headed ogre
  8744 | D:10     | Reached skill level 12 in Fighting
  9139 | D:11     | Found a staircase to the Orcish Mines.
  9258 | D:11     | Noticed a two-headed ogre
  9278 | D:11     | Killed a two-headed ogre
  9278 | D:11     | Received a gift from Okawaru
  9638 | D:11     | Found a staircase to the Lair.
  9907 | D:11     | Received a gift from Okawaru
 10122 | Lair:1   | Entered Level 1 of the Lair of Beasts
 10183 | Lair:1   | Found a runed translucent gate.
 10186 | Lair:1   | Found a runed translucent gate.
 10186 | Lair:1   | Found a runed translucent gate.
 10187 | Lair:1   | Noticed Lionuul's ghost (journeyman TrSh)
 10494 | Lair:1   | Reached XP level 12. HP: 90/113 MP: 18/18
 11058 | Lair:2   | Reached skill level 13 in Fighting
 11095 | Lair:2   | Received a gift from Okawaru
 11200 | Lair:2   | Noticed an eight-headed hydra
 11207 | Lair:2   | Killed an eight-headed hydra
 11336 | Lair:2   | Reached skill level 10 in Invocations
 11504 | Lair:2   | Received a gift from Okawaru
 11524 | Lair:2   | Found a hole to the Spider Nest.
 11879 | Lair:2   | Reached skill level 1 in Throwing
 12034 | Lair:3   | Identified the +1 quarterstaff "Poataik" {spect, rN+ Int+3}
 12331 | Lair:2   | Reached skill level 10 in Armour
 12372 | Lair:2   | Reached skill level 14 in Fighting
 12496 | Lair:3   | Received a gift from Okawaru
 12510 | Lair:3   | Found a snail-covered altar of Cheibriados.
 12598 | Lair:3   | Reached XP level 13. HP: 109/124 MP: 21/21
 13009 | Lair:3   | Found a staircase to the Shoals.
 13486 | Lair:3   | Received a gift from Okawaru
 13628 | Lair:4   | Reached ****** piety under Okawaru
 13631 | Lair:4   | Acquired the +1 helmet "Zuobri" {rF+ Str+2}
 13631 | Lair:4   | Received a gift from Okawaru
 13646 | Lair:4   | Acquired a +1 eveningstar of holy wrath
 13646 | Lair:4   | Received a gift from Okawaru
 14511 | Lair:5   | Entered Level 5 of the Lair of Beasts
 14531 | Lair:4   | Received a gift from Okawaru
 14767 | Lair:5   | Found a viscous altar of Jiyva.
 14767 | Lair:5   | Found a staircase to the Slime Pits.
 15142 | Lair:5   | Reached skill level 15 in Fighting
 15449 | Lair:5   | Received a gift from Okawaru
 15646 | Lair:5   | Reached XP level 14. HP: 134/135 MP: 23/23
 15774 | Lair:5   | Reached skill level 15 in Maces & Flails
 15829 | Lair:5   | Found a large runed translucent door.
 15829 | Lair:5   | Found a large runed translucent door.
 16222 | Lair:5   | Received a gift from Okawaru
 16413 | Lair:1   | Killed Lionuul's ghost
 16547 | Orc:1    | Entered Level 1 of the Orcish Mines
 16564 | Orc:1    | Reached skill level 5 in Throwing
 16631 | Orc:1    | Noticed Jorgrun
 17388 | D:12     | Noticed Snorg
 17411 | D:12     | Killed Snorg
 18538 | D:13     | Noticed Rupert
 18552 | D:13     | Killed Rupert
 18552 | D:13     | Received a gift from Okawaru
 19573 | D:14     | Received a gift from Okawaru
 19923 | D:14     | Found a gate to the Vaults.
 19923 | D:14     | Noticed an ironbound preserver
 19949 | D:14     | Killed an ironbound preserver
 20084 | D:15     | Entered Level 15 of the Dungeon
 20245 | D:15     | Found a staircase to the Depths.
 20282 | D:15     | Noticed an orc warlord
 20311 | D:15     | Found a transporter.
 20315 | D:15     | Found a transporter.
 20343 | D:15     | Reached skill level 10 in Throwing
 20343 | D:15     | Reached XP level 15. HP: 136/140 MP: 24/24
 20435 | D:15     | Noticed Sareon's ghost (journeyman DgCj)
 20451 | D:15     | Found a bloodstained altar of Trog.
 20683 | D:15     | Reached skill level 1 in Dodging
 21221 | D:3      | Killed Crazy Yiuf
 21720 | Orc:1    | Killed Jorgrun
 21891 | Orc:2    | Entered Level 2 of the Orcish Mines
 22155 | Orc:2    | Found Vylif's Magic Scroll Shoppe.
 22242 | Orc:2    | Found a staircase to the Elven Halls.
 22243 | Orc:2    | Bought a scroll of enchant weapon for 120 gold pieces
 22243 | Orc:2    | Bought 2 scrolls of identify for 64 gold pieces
 22243 | Orc:2    | Bought a scroll of identify for 32 gold pieces
 22243 | Orc:2    | Bought a scroll of identify for 32 gold pieces
 22243 | Orc:2    | Bought a scroll of enchant weapon for 120 gold pieces
 22426 | Orc:2    | Received a gift from Okawaru
 22429 | Orc:2    | Found Oreammie's General Store.
 22545 | Orc:2    | Found Bieb's General Store.
 22877 | Orc:2    | Reached skill level 5 in Dodging
 23508 | Orc:2    | Received a gift from Okawaru
 23580 | Orc:2    | Found Qangeep's Antique Weapon Boutique.
 23580 | Orc:2    | Found Roeggoff's Jewellery Shop.
 23581 | Orc:2    | Found a one-way gate leading to the halls of Pandemonium.
 23708 | Spider:1 | Entered Level 1 of the Spider Nest
 24109 | Spider:1 | Noticed Asterion
 24127 | Spider:1 | Killed Asterion
 24536 | Spider:1 | Noticed Azrael
 24545 | Spider:1 | Killed Azrael
 24863 | Spider:1 | Received a gift from Okawaru
 25444 | Spider:1 | Reached skill level 16 in Fighting
 25456 | Spider:1 | Reached XP level 16. HP: 134/151 MP: 25/25
 25972 | Spider:2 | Received a gift from Okawaru
 26756 | Spider:2 | Received a gift from Okawaru
 27314 | Spider:2 | Reached skill level 17 in Fighting
 27786 | Shoals:1 | Entered Level 1 of the Shoals
 27786 | Shoals:1 | Found Enuagiyw's Antique Weapon Shoppe.
 27987 | Shoals:1 | Found Nokyfeysis's Antique Armour Shoppe.
 28037 | Shoals:1 | Found a flickering gateway to a bazaar.
 28050 | Bazaar   | Entered a bazaar
 28050 | Bazaar   | Found Paluc's Armour Shoppe.
 28061 | Bazaar   | Found Zefuevvo's Book Shoppe.
 28068 | Bazaar   | Found Puantade's Magic Scroll Shoppe.
 28074 | Bazaar   | Found Samu's Jewellery Shoppe.
 28107 | Bazaar   | Found Umieh's Weapon Boutique.
 28129 | Bazaar   | Bought 5 darts of dispersal for 40 gold pieces
 28145 | Bazaar   | Bought the +8 ice dragon scales of Noboogg {+Blink rF- rC++
                  | rN+ rCorr Str-3} for 784 gold pieces
 28145 | Bazaar   | Bought a +0 cloak of poison resistance for 59 gold pieces
 28157 | Bazaar   | Bought a scroll of enchant armour for 52 gold pieces
 28157 | Bazaar   | Bought a scroll of blinking for 52 gold pieces
 28157 | Bazaar   | Bought 3 scrolls of revelation for 157 gold pieces
 28157 | Bazaar   | Bought a scroll of fear for 28 gold pieces
 28189 | Bazaar   | Bought the amulet "Jeiwk" {Reflect Int+4 SH+5} for 499 gold
                  | pieces
 28269 | Shoals:1 | Bought a pair of ichor-stained gloves for 370 gold pieces
 28269 | Shoals:1 | Identified the +0 pair of gloves "Piuxkus" {Regen+ Str-5
                  | Int+5 Stlth+} (You bought it in a shop on level 1 of the
                  | Shoals)
 28660 | Shoals:1 | Reached skill level 1 in Evocations
 28665 | Shoals:1 | Received a gift from Okawaru
 28887 | Shoals:1 | Reached skill level 5 in Evocations
 29150 | Shoals:1 | Learned a level 1 spell: Apportation
 29176 | Shoals:2 | Found a glacial archway.
 29186 | Shoals:2 | Reached skill level 1 in Translocations
 29217 | Shoals:2 | Received a gift from Okawaru
 29241 | Shoals:2 | Found a flickering gateway to a bazaar.
 29250 | Bazaar   | Entered a bazaar
 29250 | Bazaar   | Found Moreyh's Antique Weapon Shop.
 29250 | Bazaar   | Found Isonwu's Assorted Antiques.
 29250 | Bazaar   | Found Erarajas's Jewellery Boutique.
 29250 | Bazaar   | Found Hoesch's Magic Scroll Boutique.
 29250 | Bazaar   | Found Jaqeyd's Book Boutique.
 29250 | Bazaar   | Found Esutsaz's Distillery.
 29290 | Bazaar   | Bought a faintly glowing granite ring for 145 gold pieces
 29290 | Bazaar   | Identified the ring of Vumax {rF+ Str+3 Dex+4} (You bought
                  | it in a shop in a bazaar)
 29298 | Bazaar   | Bought a scroll of blinking for 90 gold pieces
 29298 | Bazaar   | Bought a scroll of enchant weapon for 90 gold pieces
 29331 | IceCv    | Entered an ice cave
 29467 | Arena    | Entered the Arena
 29599 | IceCv    | Noticed a golden dragon
 29952 | IceCv    | Killed a golden dragon
 30012 | IceCv    | Identified the ring of Xuwaum {Fly Int+4 Stlth+}
 30017 | IceCv    | Identified the amulet of Quafuc {Faith Regen+ Int+4}
 30231 | Shoals:1 | Reached XP level 17. HP: 65/161 MP: 26/26
 30563 | Shoals:2 | Received a gift from Okawaru
 30637 | Shoals:2 | Noticed Ilsuiw
 32663 | Elf:1    | Entered Level 1 of the Elven Halls
 32704 | Elf:1    | Received a gift from Okawaru
 33106 | Elf:1    | You are sucked into a shaft and drop 1 floor!
 33115 | Elf:2    | Found a runed translucent gate.
 33142 | Elf:2    | Found a runed translucent gate.
 33142 | Elf:2    | Found a runed translucent gate.
 33431 | Elf:1    | Reached skill level 18 in Fighting
 33647 | Elf:1    | Noticed Norris
 33689 | Elf:1    | Killed Norris
 33689 | Elf:1    | Received a gift from Okawaru
 33776 | Elf:1    | Reached skill level 19 in Fighting
 34265 | Elf:1    | Paralysed by an air elemental for 1 turns
 34271 | Elf:1    | Paralysed by an air elemental for 1 turns
 34683 | Elf:1    | Noticed a sphinx
 34690 | Elf:1    | Killed a sphinx
 34690 | Elf:1    | Received a gift from Okawaru
 34692 | Elf:1    | Noticed a sphinx
 34701 | Elf:1    | Noticed a sphinx
 34725 | Elf:1    | Killed a sphinx
 34732 | Elf:1    | Killed a sphinx
 34733 | Elf:1    | Noticed a sphinx
 34743 | Elf:1    | Killed a sphinx
 34753 | Elf:1    | Reached XP level 18. HP: 138/178 MP: 24/28
 34776 | Elf:1    | Reached skill level 20 in Fighting
 35134 | Depths:1 | Entered Level 1 of the Depths
 35197 | D:15     | Received a gift from Okawaru
 35878 | Depths:1 | Reached skill level 21 in Fighting
 35978 | Depths:1 | Found a shimmering blue altar of Sif Muna.
 36233 | Depths:1 | Killed from afar by a spriggan air mage (illusionary)

Illustrated notes

Levels and vault maps discovered:
D:1:      minmay_arrival_stone_box, layout_basic, serial_glass, glass_columns_a,
          glass_columns_b, glass_columns_b
D:2:      layout_basic, basic_ecumenical_altar
D:3:      layout_loops_cross, uniq_robin, uniq_crazy_yiuf_cottage
D:4:      layout_basic, mainiacjoe_overflow_paths
D:5:      layout_rooms, lemuel_round_altar, minmay_misc_feat_enclosed
D:6:      layout_rooms, minmay_temple_entry_junction_2,
          cheibrodos_sewer_entry_sluice, supply_closet_lemuel, minmay_circle_x,
          uniq_edmund
D:7:      layout_basic, serial_shops, nicolae_shop_behind_doors, uniq_jeremiah
D:8:      layout_gridville, mainiacjoe_overflow_alcove_4, serial_shops, shop,
          moated_statue, minmay_fractal_squares_gapless_5
D:9:      nzn_winding_woodlands_large [nzn_winding_woodlands_5x5_cross,
          nzn_winding_woodlands_5x15_pathside_ponds,
          nzn_winding_woodlands_5x5_closed_star,
          nzn_winding_woodlands_center_diamonds,
          nzn_winding_woodlands_15x15_boxy_spiral,
          nzn_winding_woodlands_center_pierced_h,
          nzn_winding_woodlands_5x5_three,
          nzn_winding_woodlands_5x15_split_checker,
          nzn_winding_woodlands_hourglass], layout_layer_cave,
          grunt_temple_overflow_holy_war, serial_shops, nicolae_shop_waterfront
D:10:     layout_loops_cross
D:11:     layout_long_grid, erik_lair_island, orc_0_dummy, item_on_display_a
D:12:     layout_stronghold, uniq_snorg
D:13:     layout_small_grid, uniq_rupert
D:14:     layout_loops_ring, skrybe_vaults_entry_preservation,
          nrook_pool_corridor
D:15:     grunt_enter_depths_hoard, layout_irregular_city, minivault_24,
          gammafunk_ghost_wrathful_warriors
Temple:   nicolae_temple_bog_church
Lair:1:   layout_regular_city, gammafunk_ghost_split
Lair:2:   layout_gridlike, hellmonk_spider_entry_not_the_bees
Lair:3:   layout_gridlike, elwin_shoals_entry_rocks, kennysheep_snail_temple,
          lemuel_fruit_fields
Lair:4:   layout_roguey, serial_bayou_lagoon_b, grunt_megastairs_1,
          infiniplex_staircase_pool
Lair:5:   cheibrodos_lair_end_hotspot, layout_small_grid, slime_entry_1,
          serial_bayou_shore_b
Shoals:1: layout_shoals, serial_shops, bzr_entry_dummy, nicolae_square_shop,
          shop, nicolae_shoals_spectral_cove
Shoals:2: layout_shoals, portal_ice_cave_entry_pillars_three, serial_shops,
          bzr_firewalk, uniq_ilsuiw
Shoals:3: layout_shoals
Spider:1: layout_chambers, drop_trap, nicolae_spider_spiderdrome, uniq_asterion,
          uniq_azrael
Spider:2: layout_spider_delve, special_room [special_room_bee],
          nicolae_spider_nooks_and_crannies
Spider:3: layout_chambers, drop_trap, nicolae_spider_altar_of_dancing
Orc:1:    layout_diamond_mine, uniq_jorgrun
Orc:2:    pf_orc_diabolical, layout_caves, serial_shops, shop, mines5_lemuel
Elf:1:    eino_elf_arrival_shootout, layout_geoelf_grid, serial_glass,
          glass_columns_a, glass_columns_c, special_room
          [special_room_mythical_zoo], minivault_28, minivault_16, uniq_norris
Elf:2:    nicolae_elf_blades_crystal_corner, layout_loops_ring,
          mu_enter_wizlab_7, basic_altar
Depths:1: layout_honeycomb, hellmonk_sif_muna_bookshelves, hellmouth_1,
          columned_hall_lemuel, nrook_campfire, lemuel_old_faithful,
          grunt_megastairs_5

Skill      XL: |  1  2  3  4  5  6  7  8  9 10 11 12 13 14 15 16 17 18 |
---------------+-------------------------------------------------------+-----
Maces & Flails | 3 4 5 6 8 10 12 13 14 16 | 16.0
Shields        | 4 5 6 8 |  8.7
Fighting       | 6 9 11 12 14 15 16 17 19 21 | 21.0
Invocations    | 4 8 11 12 14 | 14.0
Armour         | 5 8 10 11 12 14 | 14.5
Throwing       | 2 4 10 | 10.1
Dodging        | 6 |  6.6
Evocations     | 7 9 |  9.2
Translocations | 3 |  3.5

Action                     |  1- 3 |  4- 6 |  7- 9 | 10-12 | 13-15 | 16-18 || total
---------------------------+-------+-------+-------+-------+-------+-------++-------
  Melee: Flail             |    22 |       |       |       |       |       ||    22
         Whip              |    49 |   191 |   388 |   929 |   164 |       ||  1721
         Eveningstar       |       |       |       |       |  1391 |  1522 ||  2913
  Throw: Javelin           |       |       |     2 |     5 |    56 |    97 ||   160
         Boomerang         |       |       |       |       |       |    18 ||    18
 Invoke: Heroism           |       |       |       |     2 |    10 |     7 ||    19
         Receive Weapon    |       |       |       |       |     1 |       ||     1
         Receive Armour    |       |       |       |       |     1 |       ||     1
         Finesse           |       |       |       |       |     3 |     6 ||     9
         Duel              |       |       |       |       |       |     1 ||     1
Ability: Evoke Blink       |       |       |       |       |       |     3 ||     3
  Evoke: Wand              |       |       |     1 |     7 |     3 |     2 ||    13
    Use: Scroll            |       |     5 |     4 |     3 |    25 |    13 ||    50
         Potion            |       |     2 |     2 |     1 |     6 |    10 ||    21
   Stab: Invisible         |       |       |       |     3 |       |       ||     3
 Armour: Scale mail        |    35 |    28 |       |       |       |       ||    63
         Ring mail         |       |    46 |   199 |   393 |  1266 |   323 ||  2227
         Skin              |       |     1 |       |       |       |       ||     1
         Ice dragon scales |       |       |       |       |       |   950 ||   950
  Dodge: Dodged            |    34 |    58 |    93 |   211 |   636 |   539 ||  1571
  Block: Buckler           |     8 |    39 |   169 |   276 |   818 |   885 ||  2195
         Reflection        |       |       |     7 |     6 |    18 |    34 ||    65

Table legend: (Time is in decaauts)
 A = Elapsed time spent in this place.
 B = Non-inter-level travel time spent in this place.
 C = Inter-level travel time spent in this place.
 D = Time resting spent in this place.
 E = Time spent auto-exploring this place.
 F = Levels seen in this place.
 G = Mean time per level.
                   A        B        C        D        E       F      G
               +--------+--------+--------+--------+--------+-----+--------+
         Total |  34879 |  32463 |   2416 |   4295 |  17915 |  37 |  942.7 |
       Dungeon |  14669 |  13269 |   1400 |   1184 |   9003 |  15 |  977.9 |
        Temple |     19 |     11 |      8 |      0 |      0 |   1 |   19.0 |
          Lair |   6527 |   6083 |    444 |    762 |   3490 |   5 | 1305.4 |
        Shoals |   3495 |   3338 |    157 |    478 |   1652 |   3 | 1165.0 |
   Spider Nest |   3644 |   3505 |    139 |    675 |   1510 |   3 | 1214.7 |
  Orcish Mines |   2565 |   2348 |    217 |    594 |    901 |   2 | 1282.5 |
   Elven Halls |   1900 |   1851 |     49 |    400 |    661 |   2 |  950.0 |
        Depths |    671 |    671 |      0 |     38 |    446 |   1 |  671.0 |
        Bazaar |    242 |    242 |      0 |      0 |     88 |   2 |  121.0 |
         Sewer |    409 |    409 |      0 |      4 |     95 |   1 |  409.0 |
      Ice Cave |    717 |    717 |      0 |    158 |     66 |   1 |  717.0 |
         Arena |     15 |     15 |      0 |      0 |      0 |   1 |   15.0 |
               +--------+--------+--------+--------+--------+-----+--------+

Top non-repeatable levels by time:
Spider:1: 1994 daAuts
   Orc:2: 1993 daAuts
     D:9: 1897 daAuts
   Elf:1: 1835 daAuts
Spider:2: 1616 daAuts
  Lair:5: 1499 daAuts
Shoals:2: 1360 daAuts
Shoals:1: 1325 daAuts
  Lair:4: 1303 daAuts
    D:14: 1287 daAuts
  Lair:2: 1254 daAuts
    D:15: 1253 daAuts
    D:11: 1246 daAuts
  Lair:3: 1237 daAuts
  Lair:1: 1232 daAuts
